 Dungeon Crawl Stone Soup version 0.30-a0-1082-g70414cbcbb (webtiles) character file.

Game seed: 2067538091752263557

1008 Gynju the Cleaver (level 8, -9/67 HPs)
             Began as a Hill Orc Fighter on Apr 15, 2023.
             Mangled by a hornet (10 damage)
             ... on level 6 of the Dungeon.
             The game lasted 00:07:25 (5061 turns).

Gynju the Cleaver (Hill Orc Fighter)                Turns: 5061, Time: 00:07:25

Health: -9/67      AC: 12    Str: 21    XL:     8   Next: 20%
Magic:  8/8        EV: 10    Int:  8    God:
Gold:   193        SH:  4    Dex: 10    Spells: 7/7 levels left

rFire   + + .      SeeInvis .    a - +0 war axe
rCold   . . .      Faith    .    c - +0 buckler
rNeg    . . .      Spirit   .    z - +2 ring mail {rF+}
rPois   .          Reflect  .    (no helmet)
rElec   .          Rampage  +    g - +2 cloak
rCorr   .                        (no gloves)
Will    .....                    r - +0 pair of boots {rampage} Stlth
                                 (no amulet)
HPRegen 0.31/turn                i - ring of protection from fire
MPRegen 0.11/turn                (no ring)

@: lethally poisoned (-9 -> -15), slowed, very slow
A: no striking features
a: no special abilities


You were on level 6 of the Dungeon.
You visited 1 branch of the dungeon, and saw 6 of its levels.

You collected 193 gold pieces.

Inventory:

Hand Weapons
 a - a +0 war axe (weapon)
Armour
 c - a +0 buckler (worn)
 g - a +2 cloak (worn)
 r - a +0 pair of boots of rampaging (worn)
 y - a +0 plate armour
 z - a +2 ring mail of fire resistance (worn)
Jewellery
 i - a ring of protection from fire (left hand)
Scrolls
 b - 2 scrolls of vulnerability {unknown}
 e - 5 scrolls of identify {unknown}
 h - 2 scrolls of enchant weapon {unknown}
 j - a scroll of enchant armour {unknown}
 k - a scroll of blinking {unknown}
 l - 2 scrolls of poison {unknown}
 n - 4 scrolls of fear {unknown}
 o - 4 scrolls of fog {unknown}
 p - 2 scrolls of teleportation {unknown}
 q - 2 scrolls of noise {unknown}
 s - a scroll of magic mapping {unknown}
 v - a scroll of immolation {unknown}
 w - a scroll of torment {unknown}
Potions
 d - 2 potions of might
 f - 2 potions of attraction {unknown}
 m - a potion of resistance {unknown}
 t - a potion of curing {unknown}
 u - 2 potions of haste {unknown}
 x - a potion of heal wounds {unknown}
 A - a potion of brilliance {unknown}


   Skills:
 + Level 4.3 Fighting
 * Level 11.5 Axes
 + Level 3.9 Armour
 + Level 3.9 Shields


You had 7 spell levels left.
You didn't know any spells.
Your spell library contained the following spells:

 Spells                   Type           Power      Damage    Failure   Level
 Beastly Appendage        Tmut           0%         N/A       67%         1
 Ensorcelled Hibernation  Hex/Ice        0%         N/A       80%         2
 Passwall                 Tmut/Erth      0%         N/A       80%         2
 Wereblood                Tmut           0%         N/A       80%         2
 Call Canine Familiar     Summ           0%         N/A       95%         3
 Ignite Poison            Fire/Tmut/Pois 0%         N/A       95%         3
 Portal Projectile        Hex/Tloc       0%         N/A       95%         3
 Spider Form              Tmut/Pois      0%         N/A       95%         3
 Stone Arrow              Conj/Erth      0%         3d7       95%         3
 Swiftness                Air            0%         N/A       95%         3
 Animate Armour           Summ/Erth      0%         N/A       100%        4
 Leda's Liquefaction      Hex/Erth       0%         N/A       100%        4
 Sticky Flame             Conj/Fire      0%         2d3       100%        4
 Ignition                 Fire           0%         3d3       100%        8
 Lehudib's Crystal Spear  Conj/Erth      0%         10d2      100%        8


Dungeon Overview and Level Annotations

Branches:
Dungeon (6/15)
 Temple: D:4-7

Altars:
Kikubaaqudgha
Nemelex Xobeh
Vehumet
Wu Jian

Shops:
D:2 (   D:4 *


Message History

You feel yourself slow down.
You barely miss the hornet.
You feel sick. The hornet completely misses you. The hornet stings you!
You are more poisoned.
You feel as though you will be slow longer.
You hit the hornet.
The hornet is lightly wounded.
You feel very sick.
The hornet stings you but does no damage.
The hornet stings you.
You are lethally poisoned!
You feel as though you will be slow longer.
Unknown command.
You hit the hornet.
The hornet is lightly wounded.
* * * LOW HITPOINT WARNING * * *
You feel extremely sick. The hornet closely misses you.
The hornet barely misses you.
Unknown command.
You barely miss the hornet.
The hornet is lightly wounded.
* * * LOW HITPOINT WARNING * * *
You feel very sick.
The hornet stings you but does no damage.
The hornet stings you.
* * * LOW HITPOINT WARNING * * *
You feel as though you will be slow longer.
Unknown command.
You barely miss the hornet.
The hornet is lightly wounded.
* * * LOW HITPOINT WARNING * * *
You feel very sick. The hornet closely misses you.
The hornet stings you but does no damage.
You slash the hornet!
The hornet is severely wounded.
* * * LOW HITPOINT WARNING * * *
You feel very sick. The hornet stings you!
You die...

#............. .$...........
............###
#........[....#
#............. #.........#
###.........# ##.....y@...#
#....####...#
##...###.#...###.#
#.....#............ #.
##.................#..
##..#.##.............#.##.
#....................#....
..............#.##...####.##
.............####...........


You could see a hornet.

Vanquished Creatures
  Duvessa (D:4)
  A scorpion (D:4)
  3 wights (D:5)
  Dowan (D:4)
  5 hounds
  2 jellies
  3 orc priests
  Crazy Yiuf (D:2)
  Terence (D:3)
  4 orc wizards
  6 adders
  2 shadow imps
  A white imp (D:5)
  An ufetubus (D:5)
  4 dart slugs
  17 orcs
  4 endoplasms
  2 giant cockroaches (D:2)
  8 goblins
  7 hobgoblins
  4 quokkas
  2 ball pythons
  5 bats
  2 frilled lizards
  3 kobolds (D:1)
  4 rats
94 creatures vanquished.

Vanquished Creatures (others)
  A human (D:4)
  An orc wizard (D:2)
2 creatures vanquished.

Grand Total: 96 creatures vanquished

Notes
Turn   | Place    | Note
-------+----------+-------------------------------------------
     0 | D:1      | Gynju the Hill Orc Fighter began the quest for the Orb.
     0 | D:1      | Reached XP level 1. HP: 19/19 MP: 1/1
    28 | D:1      | Reached skill level 3 in Axes
    67 | D:1      | Reached XP level 2. HP: 26/26 MP: 2/2
   168 | D:1      | Reached skill level 4 in Axes
   503 | D:1      | Reached XP level 3. HP: 25/31 MP: 3/3
   827 | D:1      | Found a faded altar of an unknown god.
  1039 | D:2      | Found a runed translucent door.
  1040 | D:2      | Noticed Crazy Yiuf
  1149 | D:2      | Found Macuvono's Weapon Boutique.
  1253 | D:2      | Reached skill level 5 in Axes
  1327 | D:2      | Reached XP level 4. HP: 26/39 MP: 4/4
  1350 | D:2      | Reached skill level 6 in Axes
  2033 | D:2      | Killed Crazy Yiuf
  2034 | D:2      | Reached XP level 5. HP: 19/45 MP: 5/5
  2198 | D:3      | Reached skill level 7 in Axes
  2388 | D:3      | Noticed Terence
  2397 | D:3      | Killed Terence
  2843 | D:4      | Reached skill level 8 in Axes
  2843 | D:4      | Reached XP level 6. HP: 41/51 MP: 6/6
  3137 | D:4      | Reached skill level 9 in Axes
  3176 | D:4      | Found Viumoebb's Neck Hole.
  3476 | D:4      | Noticed Duvessa
  3476 | D:4      | Noticed Dowan
  3486 | D:4      | Killed Dowan
  3487 | D:4      | Reached XP level 7. HP: 46/57 MP: 7/7
  3490 | D:4      | Killed Duvessa
  3491 | D:4      | Reached skill level 10 in Axes
  3825 | D:4      | Found an ancient bone altar of Kikubaaqudgha.
  3826 | D:4      | Noticed a human
  3829 | D:4      | Killed a human
  4085 | D:5      | Entered Level 5 of the Dungeon
  4329 | D:5      | Reached skill level 11 in Axes
  4361 | D:5      | Found a sparkling altar of Nemelex Xobeh.
  4468 | D:5      | Reached XP level 8. HP: 18/66 MP: 8/8
  4633 | D:5      | Found an ornate altar of the Wu Jian Council.
  5010 | D:6      | Found a radiant altar of Vehumet.
  5050 | D:6      | Noticed a hornet
  5053 | D:6      | Paralysed by a hornet for 2 turns
  5061 | D:6      | HP: 1/67 [poisoned by a hornet]
  5061 | D:6      | Mangled by a hornet

Illustrated notes

Levels and vault maps discovered:
D:1:      amcnicky_arrival_double_pillar, layout_basic,
          ebering_ecumenical_altar_sacrificial, serial_curves, eino_curves_02,
          eino_curves_02, eino_curves_03, eino_curves_02,
          kennysheep_nondescript, minivault_4, solitary_fountain
D:2:      layout_loops_corners, serial_shops, nicolae_shop_statue_plus,
          uniq_crazy_yiuf_cottage
D:3:      layout_loops_ring, uniq_terence
D:4:      layout_basic, tgw_kikubaaqudgha, serial_co_window_serial,
          co_window_paths_b, co_window_paths_a, co_window_paths_b,
          co_window_paths_b, co_window_corner_a, co_window_paths_a,
          co_window_paths_a, co_window_corner_b, co_window_corner_b,
          co_window_broadway_b, co_window_broadway_b, co_window_2corner,
          co_window_paths_d, glass_columns_a, glass_columns_a,
          nicolae_shop_sticking_my_neck_out, uniq_duvessa
D:5:      layout_loops_ring, mainiacjoe_overflow_alcove_4,
          nzn_wu_jian_contemplation
D:6:      layout_cave_pools, mainiacjoe_overflow_large_starburst,
          minmay_temple_entry_overgrown

Skill      XL: |  1  2  3  4  5  6  7 |
---------------+----------------------+-----
Axes           | 3 4 5 6 8 9 11 | 11.5
Fighting       | 4 |  4.3
Armour         | |  3.9
Shields        | |  3.9

Action                     |  1- 3 |  4- 6 |  7- 9 || total
---------------------------+-------+-------+-------++-------
  Melee: War axe           |    73 |   143 |   116 ||   332
    Use: Potion            |       |     1 |       ||     1
 Armour: Scale mail        |    27 |    62 |     7 ||    96
         Plate armour      |       |       |    42 ||    42
         Ring mail         |       |       |     8 ||     8
  Dodge: Dodged            |    26 |    42 |    35 ||   103
  Block: Buckler           |    12 |    13 |    19 ||    44

Table legend: (Time is in decaauts)
 A = Elapsed time spent in this place.
 B = Non-inter-level travel time spent in this place.
 C = Inter-level travel time spent in this place.
 D = Time resting spent in this place.
 E = Time spent auto-exploring this place.
 F = Levels seen in this place.
 G = Mean time per level.
                   A        B        C        D        E       F      G
               +--------+--------+--------+--------+--------+-----+--------+
         Total |   5122 |   4908 |    214 |      0 |   4210 |   6 |  853.7 |
       Dungeon |   5122 |   4908 |    214 |      0 |   4210 |   6 |  853.7 |
               +--------+--------+--------+--------+--------+-----+--------+

Top non-repeatable levels by time:
     D:4: 1299 daAuts
     D:2: 1256 daAuts
     D:1: 981 daAuts
     D:5: 823 daAuts
     D:3: 606 daAuts
     D:6: 154 daAuts
